 Dungeon Crawl Stone Soup version 0.30-a0-1016-gfb0d676c02 (webtiles) character file.

Game seed: 3015231424024413023

781 jasper the Geomancer (level 7, -2/46 HPs)
             Began as a Demonspawn Earth Elementalist on Apr 6, 2023.
             Shot with an arrow by a centaur (14 damage)
             ... on level 5 of the Dungeon.
             The game lasted 00:04:43 (3901 turns).

jasper the Geomancer (DsEE)                         Turns: 3901, Time: 00:04:43

Health: -2/46      AC:  2    Str:  8    XL:     7   Next: 55%
Magic:  13/19      EV: 12    Int: 21    God:
Gold:   260        SH:  0    Dex: 14    Spells: 4/10 levels left

rFire   . . .      SeeInvis .    n - staff of earth
rCold   . . .      Faith    .    y - orb {light}
rNeg    . . .      Spirit   .    a - +0 robe
rPois   .          Reflect  .    (no helmet)
rElec   +          Rampage  .    (no cloak)
rCorr   .                        (no gloves)
Will    .....                    (no boots)
Stlth   +                        (no amulet)
HPRegen 1.27/turn                g - ring "Asacadaph" {rElec MP+9 Int+3 Slay+5 Stlth+}
MPRegen 0.16/turn                (no ring)

@: lethally poisoned (-2 -> -3), marked, glowing
A: powered by death 2
a: no special abilities


You were on level 5 of the Dungeon.
You visited 1 branch of the dungeon, and saw 5 of its levels.

You collected 260 gold pieces.

Inventory:

Hand Weapons
 e - a +0 dagger
 i - a +0 short sword
 m - a +1 short sword of draining
Missiles
 f - 4 boomerangs
Armour
 a - a +0 robe (worn)
 y - an orb of light (worn)
Magical Staves
 n - a staff of earth (weapon)
Jewellery
 g - the ring "Asacadaph" (left hand) {rElec MP+9 Int+3 Slay+5 Stlth+}
   (You found it on level 3 of the Dungeon)

   [ring of magical power]

   Int:       It affects your intelligence (+3).
   Slay:      It affects your accuracy & damage with ranged weapons and melee
   (+5).
   rElec:     It insulates you from electricity.
   MP:        It affects your magic capacity (+9).
   Stlth:     It makes you more stealthy.
 s - a ring of fire
Wands
 o - a wand of mindburst (17)
Scrolls
 c - 2 scrolls of fog
 l - 3 scrolls of poison
 r - a scroll of immolation
 w - 3 scrolls of identify
 z - 2 scrolls of amnesia {unknown}
Potions
 b - a potion of magic
 d - 4 potions of heal wounds
 h - 4 potions of curing
 j - 4 potions of mutation {unknown}
 k - a potion of cancellation {unknown}
 p - 3 potions of resistance {unknown}
 q - a potion of brilliance {unknown}
 t - a potion of might {unknown}
 u - a potion of ambrosia {unknown}
 v - a potion of lignification {unknown}
 x - a potion of degeneration {unknown}


   Skills:
 - Level 1.7 Dodging
 - Level 1.7 Stealth
 - Level 2.0 Spellcasting
 - Level 0.8 Transmutations
 + Level 8.3 Earth Magic


You had 4 spell levels left.
You knew the following spells:

 Your Spells              Type           Power      Damage    Failure   Level
a - Sandblast             Erth           100%       2d20      1%          1
b - Passwall              Tmut/Erth      25%        N/A       3%          2
c - Stone Arrow           Conj/Erth      58%        3d10      9%          3

Your spell library contained the following spells:

 Spells                   Type           Power      Damage    Failure   Level
 Petrify                  Tmut/Erth      31%        N/A       22%         4
 Animate Armour           Summ/Erth      58%        N/A       26%         4
 Blade Hands              Tmut           2%         N/A       96%         5
 Iron Shot                Conj/Erth      14%        9d4       99%         6


Dungeon Overview and Level Annotations

Branches:
Dungeon (5/15)
 Temple: D:4-7

Altars:
Okawaru
Ru


Innate Abilities, Weirdness & Mutations

You regenerate health from kills.


Message History

You kill the scorpion!
The hound bites you.
Your Earth Magic skill increases to level 8!
You take 2 damage, and have 42/46 hp.
You now have 16/19 mp.
Aiming: Sandblast (safe; 1% risk of failure)
Press: ? - help, Q - select action, (/) - cycle Shift-Dir - straight line, f - hound
Aim: a hound (haloed, 84% to hit)
You feel a surge of power!
The blast of sand hits the hound!!
You kill the hound!
The adder bites you.
You are poisoned.
The adder poisons you!
A jackal comes into view.
You now have 15/19 mp.
Aiming: Sandblast (safe; 1% risk of failure)
Press: ? - help, Q - select action, (/) - cycle Shift-Dir - straight line, f - adder
Aim: an adder (haloed, 81% to hit)
You feel a surge of power!
The blast of sand hits the adder.
The adder is severely wounded.
You feel sick. The adder bites you but does no damage. The adder bites you.
A jackal comes into view.
You take 1 damage, and have 42/46 hp.
Aiming: Sandblast (safe; 1% risk of failure)
Press: ? - help, Q - select action, (/) - cycle Shift-Dir - straight line, f/p - adder
Aim: an adder (severely wounded, haloed, 81% to hit)
You feel a surge of power!
The blast of sand hits the adder!!
You kill the adder!
You feel sick.
The centaur shoots an arrow.
The arrow hits you!
The centaur shoots an arrow.
The arrow hits you.
A dart slug comes into view.
A hound comes into view.
You take 14 damage, and have 28/46 hp.
MASSIVE DAMAGE!!
You now have 14/19 mp.
Aiming: Sandblast (safe; 1% risk of failure)
Press: ? - help, Q - select action, (/) - cycle Shift-Dir - straight line, f - centaur
Aim: a centaur, wielding a +0 shortbow (haloed, 93% to hit)
You feel a surge of power!
The blast of sand hits the centaur.
The centaur is lightly wounded.
You feel sick.
The centaur shoots an arrow.
The arrow hits you!
* * * LOW HITPOINT WARNING * * *
The centaur shoots an arrow.
The arrow hits you!
You die...

#.#...#.### #.#..#.#
#.#...#.# #.#.w#.##
#.#...#.# #.#.....#
#.......#####.##.#..#
#.#...#.##.....hh#..##.#
#.#............hOh.....#
............#.##c#...###
#.#.##.........#†#......
#.#. ##.#..#...#@# ..###
# .. ......#...#†# ###
###.............#
#.####.###..### #. #.#
... .. #.. #.


You could see an ogre, a centaur, a hound, a dart slug and 3 jackals.

Vanquished Creatures
  Grinder (D:4)
  Eustachio (D:4)
  A phantom (D:5)
  A scorpion (D:5)
  A howler monkey (D:5)
  2 hounds (D:5)
  3 iguanas
  8 adders
  2 dart slugs (D:1)
  7 orcs
  5 endoplasms
  2 giant cockroaches (D:1)
  3 goblins
  7 hobgoblins
  4 quokkas
  7 ball pythons
  4 bats
  5 frilled lizards
  9 kobolds
  6 rats
79 creatures vanquished.

Notes
Turn   | Place    | Note
-------+----------+-------------------------------------------
     0 | D:1      | jasper the Demonspawn Earth Elementalist began the quest
                  | for the Orb.
     0 | D:1      | Reached XP level 1. HP: 13/13 MP: 3/3
    77 | D:1      | Reached skill level 3 in Earth Magic
   235 | D:1      | Gained mutation: You regenerate a little health from kills.
                  | [demonic ancestry]
   235 | D:1      | Reached XP level 2. HP: 19/19 MP: 1/5
  1074 | D:2      | Gained mutation: You regenerate health from kills. [demonic
                  | ancestry]
  1074 | D:2      | Reached XP level 3. HP: 24/24 MP: 4/6
  1095 | D:2      | Learned a level 2 spell: Passwall
  1099 | D:2      | Learned a level 3 spell: Stone Arrow
  1124 | D:2      | Reached skill level 4 in Earth Magic
  1492 | D:2      | Reached XP level 4. HP: 30/30 MP: 5/7
  2037 | D:3      | Identified the ring "Asacadaph" {rElec MP+9 Int+3 Slay+5
                  | Stlth+}
  2286 | D:3      | Found a sacrificial altar of Ru.
  3174 | D:4      | Reached skill level 5 in Earth Magic
  3275 | D:4      | Noticed Eustachio
  3279 | D:4      | Killed Eustachio
  3280 | D:4      | Reached skill level 6 in Earth Magic
  3280 | D:4      | Reached XP level 5. HP: 35/35 MP: 8/8
  3280 | D:4      | Reached XP level 6. HP: 41/41 MP: 9/9
  3550 | D:4      | Found an iron altar of Okawaru.
  3602 | D:4      | Noticed Grinder
  3607 | D:4      | Killed Grinder
  3608 | D:4      | Reached skill level 7 in Earth Magic
  3799 | D:5      | Entered Level 5 of the Dungeon
  3825 | D:5      | Reached XP level 7. HP: 46/46 MP: 10/10
  3898 | D:5      | Reached skill level 8 in Earth Magic
  3901 | D:5      | Shot with an arrow by a centaur

Illustrated notes

Levels and vault maps discovered:
D:1:      evilmike_arrival_fibonacci_small, layout_basic
D:2:      layout_loops_cross
D:3:      kennysheep_big_flooded_room, layout_loops_corners, elyvilon_altar_1,
          nicolae_ru_the_path_less_chosen
D:4:      layout_loops_ring, lemuel_round_altar, uniq_eustachio, uniq_grinder
D:5:      layout_loops_cross, mainiacjoe_overflow_cross_hatched,
          nicolae_qazlal_eye_of_the_storm, tso_oasis_becter,
          cheibrodos_sewer_entry_bend

Skill      XL: |  1  2  3  4  5  6  7 |
---------------+----------------------+-----
Earth Magic    | 3 4 6 7 8 |  8.3
Dodging        | |  1.7
Stealth        | |  1.7
Spellcasting   | |  2.0
Transmutations | |  0.8

Action                     |  1- 3 |  4- 6 |  7- 9 || total
---------------------------+-------+-------+-------++-------
  Melee: Short sword       |     1 |       |       ||     1
   Cast: Sandblast         |    48 |    45 |    11 ||   104
    Use: Scroll            |     3 |     5 |       ||     8
 Armour: Robe              |     1 |     2 |     1 ||     4
  Dodge: Dodged            |     5 |     5 |       ||    10

Table legend: (Time is in decaauts)
 A = Elapsed time spent in this place.
 B = Non-inter-level travel time spent in this place.
 C = Inter-level travel time spent in this place.
 D = Time resting spent in this place.
 E = Time spent auto-exploring this place.
 F = Levels seen in this place.
 G = Mean time per level.
                   A        B        C        D        E       F      G
               +--------+--------+--------+--------+--------+-----+--------+
         Total |   3949 |   3774 |    175 |     64 |   3233 |   5 |  789.8 |
       Dungeon |   3949 |   3774 |    175 |     64 |   3233 |   5 |  789.8 |
               +--------+--------+--------+--------+--------+-----+--------+

Top non-repeatable levels by time:
     D:2: 1056 daAuts
     D:3: 1054 daAuts
     D:1: 1007 daAuts
     D:4: 723 daAuts
     D:5: 108 daAuts
